 Dungeon Crawl Stone Soup version 0.26-a0-708-g17f3b190f9 (webtiles) character file.

Game seed: 983245878515331113

5973 tzalcoatl the Spear-Bearer (level 10, -13/58 HPs)
             Began as a Merfolk Gladiator on Oct 29, 2020.
             Was a Believer of Fedhas.
             Killed from afar by a wretched star (17 damage)
             ... with a lance of force
             ... on level 1 of the Abyss.
             The game lasted 01:14:15 (11179 turns).

tzalcoatl the Spear-Bearer (Merfolk Gladiator)     Turns: 11179, Time: 01:14:16

Health: -13/58     AC: 11    Str: 11 (12) XL:     10   Next: 84%
Magic:  7/7        EV: 35    Int:  6      God:    Fedhas [**....]
Gold:   421        SH:  0    Dex: 17      Spells: 9/9 levels left

rFire    . . .     SeeInvis .   b - +7 rapier of Evisceration {vorpal, +Blink rPois Int+3}
rCold    . . .     Faith    .   (no shield)
rNeg     . . .     Spirit   .   p - +4 ring mail
rPois    +         Reflect  .   i - +0 helmet
rElec    .         Harm     .   (no cloak)
rCorr    .         Rampage  .   c - +2 pair of gloves {Dex+3}
MR       +....     Rnd*Rage +   r - +0 pair of boots
Stlth    +++.......             J - amulet of the acrobat
HPRegen  0.00/turn              M - +4 ring of evasion
MPRegen  0.10/turn              G - ring of protection from magic

@: acrobat, drained
A: change form in water, swift swim, stealthy swim, [berserk 3], [blurry vision
3], [clumsy 2], [deformed body], [deterioration 2], [dopey 2], [frail 3], [low
mp 3], [screaming 3], [inhibited regeneration], [weak 2], [subdued magic 2]
a: Wall of Briars, Renounce Religion, Evoke Blink


You were on level 1 of the Abyss.
You worshipped Fedhas.
Fedhas was pleased with you.
You visited 2 branches of the dungeon, and saw 11 of its levels.
You visited the Abyss 1 time.
You also visited: Sewer.

You collected 421 gold pieces.

Inventory:

Hand Weapons
 a - a +0 trident
 b - the +7 rapier of Evisceration (weapon) {vorpal, +Blink rPois Int+3}
   (You found it on level 5 of the Dungeon)

   It inflicts extra damage upon your enemies.
   It affects your intelligence (+3).
   It protects you from poison.
   It lets you blink.
Missiles
 d - a throwing net
 g - 7 boomerangs (quivered)
 E - 48 poisoned darts
Armour
 c - a +2 pair of gloves of dexterity (worn)
 i - a +0 helmet (worn)
 p - a +4 ring mail (worn)
 r - a +0 pair of boots (worn)
Jewellery
 f - an uncursed ring of resist corrosion
 u - an uncursed ring of flight
 A - the ring of Piner {Ice Str+6}
   (You found it on level 5 of the Dungeon)

   [ring of ice]

   It enhances your ice magic.
   It affects your strength (+6).
   It makes you vulnerable to fire.
   It protects you from cold.
 G - a ring of protection from magic (right hand)
 J - an amulet of the acrobat (around neck)
 M - a +4 ring of evasion (left hand)
 P - an uncursed ring of protection from fire {unknown}
Wands
 s - a wand of flame (14)
 v - a wand of paralysis (5)
 B - a wand of random effects (36)
 H - a wand of iceblast (8)
 I - a wand of polymorph (16)
Scrolls
 l - 5 scrolls of fear
 n - 3 scrolls of remove curse
 w - a scroll of blinking {unknown}
 x - 2 scrolls of enchant weapon {unknown}
 y - a scroll of amnesia {unknown}
 C - a scroll of immolation {unknown}
 F - a scroll of holy word {unknown}
 K - 2 scrolls of fog {unknown}
 N - a scroll of teleportation
 O - a scroll of identify
Potions
 e - 8 potions of curing
 h - 3 potions of brilliance
 j - a potion of ambrosia
 k - a potion of resistance
 m - 2 potions of lignification {unknown}
 o - 2 potions of stabbing
 q - 3 potions of might {unknown}
 t - 2 potions of mutation {unknown}
 z - 5 potions of heal wounds
 D - a potion of invisibility {unknown}
 L - a potion of magic {unknown}
Miscellaneous
 Q - a phial of floods


   Skills:
 * Level 9.2(8.2) Fighting
 - Level 12.0(11.0) Polearms
 - Level 3.0(2.1) Throwing
 * Level 11.2(10.1) Dodging
 + Level 6.5(5.5) Stealth
 + Level 0.0 Invocations
 * Level 4.3(3.4) Evocations


You had 9 spell levels left.
You didn't know any spells.
Your spell library contained the following spells:

 Spells                   Type           Power        Failure   Level
 Animate Skeleton         Necr           #.....       69%         1
 Apportation              Tloc           #.....       69%         1
 Corona                   Hex            #......      69%         1
 Magic Dart               Conj           #...         69%         1
 Summon Small Mammal      Summ           #...         69%         1
 Blink                    Tloc           N/A          83%         2
 Call Imp                 Summ           #.......     83%         2
 Slow                     Hex            #.......     83%         2
 Conjure Flame            Conj/Fire      #.......     97%         3
 Mephitic Cloud           Conj/Pois/Air  #.......     97%         3


Dungeon Overview and Level Annotations

Branches:
Dungeon (10/15)            Temple (1/1) D:7           Sewer (visited)
   Lair: D:8-11         Orc: D:9-12

Altars:
Ashenzari
Cheibriados
Dithmenos
Elyvilon
Fedhas
Gozag
Hepliaklqana
Kikubaaqudgha
Makhleb
Nemelex Xobeh
Okawaru
Qazlal
Ru
Sif Muna
Trog
Uskayaw
Vehumet
Wu Jian
Xom
Yredelemnul
Zin
The Shining One


Innate Abilities, Weirdness & Mutations

You revert to your normal form in water.
You are very nimble and swift while swimming.
You are very stealthy in the water. (Stealth+)
[You have an uncontrollable temper.]
[Scrolls take you much longer to read.]
[You are very clumsy. (Dex -4)]
[Armour fits poorly on your strangely shaped body.]
[Your body often deteriorates upon taking damage.]
[You are very dopey. (Int -4)]
[You are extremely frail. (-30% HP)]
[Your magical capacity is extremely low. (-30% MP)]
[You frequently scream uncontrollably at your foes.]
[You do not regenerate when monsters are visible.]
[You are very weak. (Str -4)]
[Your spells are easier to cast, but less powerful.]


Message History

You feel less energetic.
Your vision blurs.
A small abomination comes into view.
A large abomination comes into view.
You barely miss the quicksilver dragon.
The quicksilver dragon roars deafeningly!
You hear a bellow!
The quicksilver dragon bites you!!
Your body deteriorates!
You feel weakened. The quicksilver dragon misses you.
The quicksilver dragon bites you. The quicksilver dragon claws you!
The small abomination hits you!
* * * LOW HITPOINT WARNING * * *
The wretched star pulses with an eldritch light!
You feel extremely angry at everything!
The quicksilver dragon closely misses you.
The quicksilver dragon completely misses you. x2
The quicksilver dragon misses you.
The wretched star glows turbulently.
The lance of force hits you!
You die...
Fedhas appreciates your contribution to the ecosystem.

#. .. ###.### #. .
#.###.#### #......
...# ##...#......#
...#.ยง..... .
#.######*...#.#
.#...
#....#..###*.#.###.
#@#.#..#.# .##...
#D.#.###. #.....
#.x#..x## .#*...
...X....# #....#x#
..##..#....x.# ..#
# ..# #...#.#.#..#.
..# # ###.
##.#.#### . #.# #..
## . #..... ....


You could see a quicksilver dragon, a wretched star, a large abomination and a
small abomination.

Vanquished Creatures
  Pikel (D:7)
  Joseph (D:8)
  A hornet (D:8)
  3 yaks (D:8)
  A steam dragon (D:8)
  A water moccasin (D:9)
  Duvessa (D:4)
  An ice beast (D:8)
  2 orc warriors
  A black bear (D:9)
  9 ogres
  4 phantoms
  2 lemures (D:7)
  3 big kobolds
  5 bullfrogs
  Dowan (D:4)
  2 scorpions
  6 killer bees
  8 wights
  2 howler monkeys
  4 centaur zombies
  2 quasits
  A bullfrog zombie (D:8)
  6 hounds
  8 orc wizards
  3 jellies
  2 orc priests (D:6)
  2 centaur skeletons
  2 iguanas
  Natasha (D:2)
  2 bullfrog skeletons
  6 worker ants
  A small abomination (Abyss:1)
  10 adders
  3 white imps
  7 oozes
  4 dart slugs
  7 leopard geckos
  29 orcs
  2 giant cockroaches
  9 goblins
  5 hobgoblins
  4 jackals (D:2)
  25 kobolds
  4 quokkas
  5 ball pythons
  8 bats
  5 frilled lizards
  10 rats
232 creatures vanquished.

Vanquished Creatures (others)
  An iguana (D:10)
  A quokka (D:8)
  A fungus (Sewer)
  2 withered plants (D:6)
5 creatures vanquished.

Grand Total: 237 creatures vanquished

Notes
Turn   | Place    | Note
-------+----------+-------------------------------------------
     0 | D:1      | tzalcoatl the Merfolk Gladiator began the quest for the
                  | Orb.
     0 | D:1      | Reached XP level 1. HP: 16/16 MP: 1/1
     6 | D:1      | Noticed a polar bear
     6 | D:1      | Noticed a rime drake
     6 | D:1      | Noticed a salamander
   178 | D:1      | Reached XP level 2. HP: 20/23 MP: 2/2
   750 | D:1      | Reached XP level 3. HP: 26/28 MP: 3/3
  1284 | D:2      | Reached skill level 5 in Polearms
  1517 | D:2      | Noticed Natasha
  1911 | D:2      | Reached XP level 4. HP: 26/34 MP: 4/4
  2374 | D:2      | Killed Natasha
  2374 | D:2      | Reached skill level 5 in Dodging
  2374 | D:2      | Reached skill level 1 in Stealth
  2696 | D:3      | Reached XP level 5. HP: 41/41 MP: 5/5
  3239 | D:4      | Noticed an ogre
  3252 | D:4      | Killed an ogre
  3252 | D:4      | Reached skill level 6 in Polearms
  3252 | D:4      | Reached XP level 6. HP: 36/48 MP: 6/6
  3330 | D:4      | Found a hazy altar of Hepliaklqana.
  3360 | D:4      | Found a sacrificial altar of Ru.
  3656 | D:4      | Noticed Dowan
  3658 | D:4      | Noticed Duvessa
  3679 | D:4      | Killed Duvessa
  3687 | D:4      | Killed Dowan
  3687 | D:4      | Reached XP level 7. HP: 50/55 MP: 5/7
  3784 | D:4      | Found a sacrificial altar of Ru.
  3784 | D:4      | Found a hide-covered altar of Uskayaw.
  3824 | D:4      | Reached skill level 7 in Polearms
  4197 | D:5      | Entered Level 5 of the Dungeon
  4246 | D:5      | Got a pitted tin ring
  4384 | D:5      | Reached skill level 5 in Fighting
  4697 | D:5      | Reached XP level 8. HP: 18/62 MP: 4/8
  5343 | D:5      | Got a jewelled rapier
  5344 | D:5      | Identified the +7 rapier of Evisceration {vorpal, +Blink
                  | rPois Int+3} (You found it on level 5 of the Dungeon)
  5541 | D:6      | Reached skill level 8 in Polearms
  5611 | D:6      | Found a glowing drain.
  5615 | Sewer    | Entered a sewer
  5931 | Sewer    | Reached skill level 1 in Evocations
  6078 | Sewer    | Identified the ring of Piner {Ice Str+6} (You found it on
                  | level 5 of the Dungeon)
  6103 | D:6      | Reached skill level 9 in Polearms
  6127 | D:6      | Reached XP level 9. HP: 54/71 MP: 7/9
  6374 | D:6      | Found a basalt altar of Yredelemnul.
  6405 | D:6      | Found a sparkling altar of Nemelex Xobeh.
  6408 | D:6      | Found a bloodstained altar of Trog.
  6410 | D:6      | Found an ornate altar of the Wu Jian Council.
  6742 | D:7      | Noticed Pikel
  6778 | D:7      | Killed Pikel
  6778 | D:7      | Reached skill level 10 in Polearms
  6778 | D:7      | Reached skill level 5 in Stealth
  7005 | D:7      | Found a staircase to the Ecumenical Temple.
  7018 | Temple   | Entered the Ecumenical Temple
  7201 | Temple   | Became a worshipper of Fedhas Madash
  7738 | D:8      | Noticed Joseph
  7764 | D:8      | Killed Joseph
  7764 | D:8      | Reached skill level 10 in Dodging
  7764 | D:8      | Reached XP level 10. HP: 57/80 MP: 7/10
  7971 | D:8      | Reached skill level 11 in Polearms
  8309 | D:8      | Reached * piety under Fedhas
  9031 | D:8      | Found a sparkling altar of Nemelex Xobeh.
  9082 | D:8      | Found a stormy altar of Qazlal.
 10209 | D:8      | Reached ** piety under Fedhas
 10546 | D:9      | Reached skill level 12 in Polearms
 10922 | D:10     | Entered Level 10 of the Dungeon
 10949 | D:10     | Noticed a gargoyle
 10957 | D:10     | Noticed a two-headed ogre
 10957 | D:10     | Cast into level 1 of the Abyss (gargoyle)
 10962 | Abyss:1  | Found a corrupted altar of Lugonu.
 10992 | Abyss:1  | Found a radiant altar of Vehumet.
 11006 | Abyss:1  | Noticed a tentacled monstrosity
 11079 | Abyss:1  | Noticed a starcursed mass
 11093 | Abyss:1  | Noticed a tentacled starspawn
 11093 | Abyss:1  | Noticed a wretched star
 11121 | Abyss:1  | Noticed a quicksilver dragon
 11135 | Abyss:1  | Noticed an orc sorcerer
 11177 | Abyss:1  | Noticed a large abomination
 11179 | Abyss:1  | Killed from afar by a wretched star

Illustrated notes

Levels and vault maps discovered:
D:1:      onia_arrival_zoo_common, layout_basic, serial_curves, eino_curves_04,
          eino_curves_02
D:2:      wad_crossroads, layout_loops_corners, uniq_natasha
D:3:      layout_rooms
D:4:      layout_basic, lemuel_crystal_altar, gammafunk_temple_overflow_pools,
          kennysheep_minor_cross, nicolae_ru_the_path_less_chosen, uniq_duvessa
D:5:      layout_basic
D:6:      layout_rooms, yredelemnul_altar_generic,
          grunt_temple_overflow_diamond, gup_sewer_entry_bowl,
          minmay_misc_feat_rugged, grunt_ministairs_1
D:7:      layout_rooms, minmay_temple_entry_antechambers, uniq_pikel
D:8:      layout_layer_cave, lemuel_coloured_pillars_altar, enter_bailey_3,
          dk_noncrumbling_4, minmay_misc_feat_square,
          hangedman_decor_diamond_cutter, nemelex_dance_club_becter, uniq_joseph
D:9:      layout_basic
D:10:     layout_roguey [special_room_orc], minmay_fractal_squares_gapless_7
Temple:   eino_temple_water
Abyss:1:  base: D:10, evilmike_abyss_exit_12, hangedman_illusive_loot,
          evilmike_abyss_exit_8

Skill      XL: |  1  2  3  4  5  6  7  8  9 10 |
---------------+-------------------------------+-----
Polearms       | 5 6 7 9 10 12 | 12.0
Fighting       | 3 4 5 6 8 9 |  9.2
Dodging        | 5 6 7 8 10 11 | 11.2
Stealth        | 1 2 3 4 5 6 |  6.5
Throwing       | 3 |  3.0
Evocations     | 1 3 4 |  4.3

Action                   |  1- 3 |  4- 6 |  7- 9 | 10-12 || total
-------------------------+-------+-------+-------+-------++-------
Melee: Trident           |   122 |    81 |   164 |    83 ||   450
       Rapier            |       |       |   247 |   168 ||   415
       Tailslap          |       |       |    11 |     1 ||    12
Throw: Throwing net      |     3 |     1 |     1 |       ||     5
       Boomerang         |       |    22 |    12 |     3 ||    37
       Dart              |       |    20 |    14 |       ||    34
Invok: Wall of Briars    |       |       |       |     1 ||     1
 Abil: Evoke Blink       |       |       |     2 |     1 ||     3
Evoke: Wand              |       |       |     2 |       ||     2
  Use: Scroll            |     2 |     6 |     8 |       ||    16
       Potion            |     1 |       |       |       ||     1
 Stab: Sleeping          |     6 |       |     8 |     3 ||    17
       Distracted        |       |     1 |       |     1 ||     2
       Paralysed         |       |       |     7 |       ||     7
Armor: Leather armour    |    14 |       |       |       ||    14
       Ring mail         |    17 |    22 |   158 |   105 ||   302
Dodge: Dodged            |    74 |    52 |   453 |   512 ||  1091

Table legend: (Time is in decaauts)
 A = Elapsed time spent in this place.
 B = Non-inter-level travel time spent in this place.
 C = Inter-level travel time spent in this place.
 D = Time resting spent in this place.
 E = Time spent auto-exploring this place.
 F = Levels seen in this place.
 G = Mean time per level.
                   A        B        C        D        E       F      G
               +--------+--------+--------+--------+--------+-----+--------+
         Total |  11158 |  10666 |    492 |    911 |   6937 |  13 |  858.3 |
       Dungeon |  10324 |   9832 |    492 |    724 |   6716 |  10 | 1032.4 |
        Temple |    154 |    154 |      0 |      0 |     68 |   1 |  154.0 |
         Abyss |    225 |    225 |      0 |      0 |     20 |   1 |  225.0 |
         Sewer |    454 |    454 |      0 |    187 |    132 |   1 |  454.0 |
               +--------+--------+--------+--------+--------+-----+--------+

Top non-repeatable levels by time:
     D:8: 2069 daAuts
     D:2: 1731 daAuts
     D:5: 1325 daAuts
     D:4: 1238 daAuts
     D:9: 901 daAuts
     D:7: 846 daAuts
     D:1: 836 daAuts
     D:6: 797 daAuts
     D:3: 540 daAuts
   Sewer: 454 daAuts
 Abyss:1: 225 daAuts
  Temple: 154 daAuts
    D:10: 36 daAuts
